 Dungeon Crawl Stone Soup version 0.23-a0-607-g760965b (console) character file.

43 Duffy the Chopper (level 3, -1/32 HPs)
             Began as a Naga Gladiator on Dec 20, 2018.
             Was a Follower of Elyvilon.
             Slain by a gnoll
             ... wielding a cursed -3 flail
              (8 damage)
             ... on level 2 of the Dungeon.
             The game lasted 00:01:00 (703 turns).

Duffy the Chopper (Naga Gladiator)                   Turns: 703, Time: 00:01:00

Health: -1/32      AC:  5    Str: 17    XL:     3   Next: 58%
Magic:  6/12       EV:  8    Int:  8    God:    Elyvilon [*.....]
Gold:   10         SH:  0    Dex: 12    Spells: 2/2 levels left

rFire    . . .     SeeInvis +   k - +1 dagger (venom)
rCold    . . .     Gourm    .   (no shield)
rNeg     . . .     Faith    .   i - +0 scale mail
rPois    +         Spirit   .   c - +0 helmet
rElec    .         Reflect  .   (no cloak)
rCorr    .         Harm     .   (no gloves)
MR       .....                  (no barding)
Stlth    ..........             (no amulet)
HPRegen  0.10/turn              g - ring of poison resistance
MPRegen  0.13/turn              l - ring of magical power

@: very slow
A: large, see invisible, deformed body, poison resistance, slowness 2, slow
metabolism 1, spit poison 1, AC +1
a: Spit Poison, Lesser Healing, Divine Protection, Renounce Religion


You were on level 2 of the Dungeon.
You worshipped Elyvilon.
Elyvilon was aware of your devotion.
You were not hungry.

You visited 1 branch of the dungeon, and saw 2 of its levels.

You collected 10 gold pieces.

Inventory:

Hand Weapons
 a - a +0 war axe
 k - a +1 dagger of venom (weapon)
Missiles
 d - 3 throwing nets (quivered)
Armour
 b - a +0 leather armour
 c - a +0 helmet (worn)
 e - a +0 ring mail
 i - a +0 scale mail (worn)
Jewellery
 g - a ring of poison resistance (left hand)
 l - a ring of magical power (right hand)
Scrolls
 h - a scroll of noise {unknown}
Comestibles
 f - 3 rations
 j - 3 chunks of flesh


   Skills:
 - Level 2.0 Fighting
 + Level 4.5 Axes
 - Level 1.7 Throwing
 - Level 2.4 Dodging


You had 2 spell levels left.
You didn't know any spells.
Your spell library was empty.

Dungeon Overview and Level Annotations

Branches:
Dungeon (2/15)

Altars:
Elyvilon


Innate Abilities, Weirdness & Mutations

You cannot wear boots.
Your serpentine skin is tough. (AC +1)
You have supernaturally acute eyesight. (SInv)
Armour fits poorly on your strangely shaped body.
Your system is resistant to poisons. (rPois)
You cover ground very slowly.
You have a slow metabolism.
You can spit poison.


Message History

The gnoll hits you with a cursed -3 flail.
The gnoll hits you but does no damage.
You hit the gnoll.
The gnoll looks as sick as possible!
The gnoll is heavily wounded.
The gnoll hits you from afar with a +0 spear.
The gnoll closely misses you. The gnoll barely misses you.
You are healed.
You feel somewhat more hungry.
You kill the gnoll!
The gnoll hits you from afar with a +0 spear.
The gnoll hits you with a cursed -3 flail.
Your scale mail prevents you from hitting the gnoll.
The ooze hits you. The gnoll hits you but does no damage.
The gnoll barely misses you.
You hit the gnoll.
The gnoll is poisoned.
The gnoll is lightly wounded.
The ooze hits you but does no damage. The gnoll barely misses you.
You are healed.
You feel somewhat more hungry.
The gnoll hits you from afar with a +0 spear.
The gnoll hits you with a cursed -3 flail!
You die...

#..# #.......# #.# #..#
#........ ..### #..#
......#.# ..... ..#####.##
......#.##...## #.......#
...>..#.......###.#####.##
#$..............# #.(#
#......g).g..#.. ##.#
........J@.#..# #.##
............# ..# #..#
............## ##....####.#
##...........# ..........)#
#.........#.##.##....<...#
...........#.^............#
.##............###.........
#........................
#..............#####.####


You could see 2 gnolls and an ooze.

Vanquished Creatures
  2 gnolls (D:2)
  An ooze (D:2)
  A worm (D:2)
  A giant cockroach (D:1)
  4 goblins
  4 hobgoblins
  2 rats
15 creatures vanquished.

Notes
Turn   | Place    | Note
-------+----------+-------------------------------------------
     0 | D:1      | Duffy the Naga Gladiator began the quest for the Orb.
     0 | D:1      | Reached XP level 1. HP: 19/19 MP: 1/1
   332 | D:2      | Reached XP level 2. HP: 26/26 MP: 2/2
   403 | D:2      | Reached skill level 4 in Axes
   410 | D:2      | Found a faded altar of an unknown god.
   424 | D:2      | Became a worshipper of Elyvilon the Healer
   424 | D:2      | Reached * piety under Elyvilon
   692 | D:2      | Reached XP level 3. HP: 15/32 MP: 3/3
   703 | D:2      | Slain by a gnoll

Vault maps used:
D:1:      ncdulo_watergridlock
D:2:      chequers_ecumenical_altar_simple_redux

Skill      XL: |  1  2 |
---------------+-------+-----
Axes           | 4 |  4.5
Fighting       | |  2.0
Throwing       | |  1.7
Dodging        | |  2.4

Action                   || total
-------------------------++-------
Melee: War axe           ||    41
       Dagger            ||    14
Invok: Lesser Healing    ||     7
Armor: Ring mail         ||    14
       Scale mail        ||    12
Dodge: Dodged            ||    25

Table legend:
 A = Non-vault XP
 B = Vault XP
 C = Vault XP percentage of total XP
 D = Non-vault monster count
 E = Vault monster count
 F = Vault count percentage of total count
                 A         B        C        D         E       F
            +---------+---------+-------+---------+---------+-------
      Total |      62 |       0 |   0.0 |      15 |       0 |   0.0
            +---------+---------+-------+---------+---------+-------
        D:1 |       9 |       0 |   0.0 |       5 |       0 |   0.0
        D:2 |      53 |       0 |   0.0 |      10 |       0 |   0.0
            +---------+---------+-------+---------+---------+-------
